 Dungeon Crawl Stone Soup version 0.32-a0-673-g3729bd50f8 (webtiles) character file.

Game seed: 5906195565163438848

44 pisaster the Chiller (level 3, -6/24 HPs)
             Began as a Demonspawn Ice Elementalist on Mar 11, 2024.
             Mangled by a gnoll
             ... wielding a +0 spear
              (7 damage)
             ... on level 2 of the Dungeon.
             The game lasted 00:04:24 (1589 turns).

pisaster the Chiller (Demonspawn Ice Elementalist)  Turns: 1589, Time: 00:04:25

Health: -6/24      AC:  2    Str:  8    XL:     3   Next: 39%
Magic:  4/6        EV: 12    Int: 15    God:
Gold:   197        SH:  0    Dex: 15    Spells: 2/6 levels left

rFire   . . .        f - +0 sling
rCold   . . .        (no shield)
rNeg    . . .        a - +0 robe
rPois   .            (no helmet)
rElec   .            (no cloak)
rCorr   .            (no gloves)
SInv    .            (no boots)
Will    .....        (no amulet)
Stlth   ++           (no ring)
HPRegen 0.24/turn    (no ring)
MPRegen 0.20/turn

%: no passive effects
@: no status effects
A: spiny 1, magic regeneration
a: no special abilities


You were on level 2 of the Dungeon.
You visited 1 branch of the dungeon, and saw 2 of its levels.

You collected 197 gold pieces.

Inventory:

Hand Weapons
 e - a +0 flail
 f - a +0 sling (weapon)
 h - a +0 quarterstaff
 i - a +0 spear
Missiles
 q - a throwing net
Armour
 a - a +0 robe (worn)
Wands
 p - a wand of mindburst (12)
Scrolls
 c - 2 scrolls of identify {unknown}
 d - a scroll of blinking {unknown}
 j - a scroll of summoning {unknown}
 n - a scroll of enchant armour {unknown}
 o - 2 scrolls of teleportation {unknown}
Potions
 b - a potion of magic
 g - a potion of resistance {unknown}
 k - a potion of might {unknown}
 l - a potion of enlightenment {unknown}
 m - 2 potions of heal wounds {unknown}


   Skills:
 - Level 1.7 Dodging
 - Level 3.0 Stealth
 - Level 2.0 Spellcasting
 + Level 4.2 Ice Magic


You had 2 spell levels left.
You knew the following spells:

 Your Spells              Type           Power      Damage    Failure   Level
a - Freeze                Ice            56%        1d7       4%          1
b - Frozen Ramparts       Ice            28%        1d5       12%         3

Your spell library contained the following spells:

 Spells                   Type           Power      Damage    Failure   Level
 Ozocubu's Armour         Ice            14%        N/A       12%         3
 Summon Ice Beast         Ice/Summ       7%         N/A       28%         3
 Dazzling Flash           Conj/Hex       2%         N/A       54%         3
 Inner Flame              Hex/Fire       1%         N/A       54%         3
 Mephitic Cloud           Conj/Alch/Air  1%         N/A       54%         3
 Curse of Agony           Necr           1%         N/A       99%         5
 Irradiate                Conj/Alch      0%         3d11      99%         5
 Silence                  Hex/Air        0%         N/A       99%         5
 Ignition                 Fire           0%         3d3       100%        8


Dungeon Overview and Level Annotations

Branches:
Dungeon (2/15)

Altars:


Innate Abilities, Weirdness & Mutations

You are partially covered in sharp spines.
You regenerate magic rapidly.


Message History

Aiming: Freeze (safe; 4% risk of failure)
Press: ? - help, Shift-Dir - straight line, f/p - gnoll
Aim: a gnoll, wielding a +0 club (heavily wounded)
You freeze the gnoll.
The gnoll is almost dead.
The gnoll is struck by your spines.
You kill the gnoll!
You start resting.
Magic restored.
Unknown command.
You see here a +0 club.
You see here a +0 dagger.
A gnoll comes into view.
It is wielding a +1 spear of distortion.
Found an orange potion.
Unknown command.
A gnoll comes into view. It is wielding a +2 heavy flail.
A hobgoblin comes into view.
There is a stone staircase leading down here.
Casting: Freeze (safe; 4% risk of failure)
Confirm with . or Enter, or press ? or * to list all spells.
Aiming: Freeze (safe; 4% risk of failure)
Press: ? - help, Shift-Dir - straight line, f - hobgoblin
Aim: a hobgoblin (wandering, hasn't noticed you)
You freeze the hobgoblin.
The hobgoblin shouts!
The hobgoblin is almost dead.
The hobgoblin hits you.
Casting: Freeze (safe; 4% risk of failure)
Confirm with . or Enter, or press ? or * to list all spells.
Aiming: Freeze (safe; 4% risk of failure)
Press: ? - help, Shift-Dir - straight line, f/p - hobgoblin
Aim: a hobgoblin (almost dead)
You freeze the hobgoblin.
You kill the hobgoblin!
You start resting.
Magic restored.
You start resting.
HP restored.
This spell is quite dangerous to cast!
You start memorising the spell.
You continue memorising. x3
You finish memorising.
Spell assigned to 'b'.
There is a stone staircase leading down here.
The gnoll shouts!
You hear a shout!
Unknown command.
Unknown command.
Unknown command.
Unknown command.
Unknown command.
Casting: Freeze (safe; 4% risk of failure)
Confirm with . or Enter, or press ? or * to list all spells.
Okay, then.
Unknown command.
Unknown command.
Casting: Freeze (safe; 4% risk of failure)
Confirm with . or Enter, or press ? or * to list all spells.
Casting: Frozen Ramparts (quite dangerous; 12% risk of failure)
Press: ? - help, Dir - look around, f - activate The walls around you are covered in ice.
The wall freezes the gnoll.
The gnoll closely misses you.
Fire: f) +0 sling
Press: ? - help, Q - select action, (/) - cycle Shift-Dir - straight line, f - gnoll
Aim: a gnoll, wielding a +1 spear of distortion (58% to hit)
You shoot a sling bullet.
The sling bullet hits the gnoll but does no damage.
The gnoll is lightly wounded.
The wall freezes the gnoll.
The gnoll hits you from afar with a +0 spear!
The wall freezes the gnoll. x2
The gnoll hits you from afar with a +0 spear.
The wall freezes the gnoll.
Fire: f) +0 sling
Press: ? - help, Q - select action, (/) - cycle Shift-Dir - straight line, f/p - gnoll
Aim: a gnoll, wielding a +1 spear of distortion (moderately wounded, 58% to hit)
You shoot a sling bullet.
The sling bullet closely misses the gnoll.
The sling bullet hits the gnoll.
The gnoll is severely wounded.
The wall freezes the gnoll.
The gnoll hits you from afar with a +0 spear.
The wall freezes the gnoll but does no damage.
Fire: f) +0 sling
Press: ? - help, Q - select action, (/) - cycle Shift-Dir - straight line, f/p - gnoll
Aim: a gnoll, wielding a +1 spear of distortion (severely wounded, 58% to hit)
You shoot a sling bullet.
The sling bullet barely misses the gnoll.
The sling bullet barely misses the gnoll.
The wall freezes the gnoll.
The gnoll hits you from afar with a +0 spear!
* * * LOW HITPOINT WARNING * * *
The wall freezes the gnoll.
Fire: f) +0 sling
Press: ? - help, Q - select action, (/) - cycle Shift-Dir - straight line, f/p - gnoll
Aim: a gnoll, wielding a +1 spear of distortion (almost dead, 58% to hit)
You shoot a sling bullet.
The sling bullet barely misses the gnoll.
The sling bullet hits the gnoll.
You kill the gnoll!
The frozen ramparts melt away.
The gnoll completely misses you.
The gnoll hits you from afar with a +0 spear!
You die...

#.####).# #.# #......
#.##....# ######.# #.###.#
#.##.#..# #...##.# # ....
#.......# #.#.##.#######
#####
#.......####)#..).......#
####(#.......#..###.###.####
#.#....#####.# #........#
#.#.......#..###..##..#.#
#.###.#...#..@.g).# ..#
#....###..#..###..# #.#
#####.#..>...# #..# .#
##.#.....# #..g. .g
#######.#.....# ####g. !#
#.......####### ..###
#.#...### .# #..###.## g.
##.## ##.##


You could see a gnoll.

Vanquished Creatures
  2 gnolls (D:2)
  2 endoplasms (D:1)
  A giant cockroach (D:1)
  4 goblins (D:2)
  7 hobgoblins
  2 quokkas
  6 ball pythons
  2 bats (D:1)
  A frilled lizard (D:1)
  2 kobolds
  2 rats
31 creatures vanquished.

Notes
Turn   | Place    | Note
-------+----------+-------------------------------------------
     0 | D:1      | pisaster the Demonspawn Ice Elementalist began the quest
                  | for the Orb.
     0 | D:1      | Reached XP level 1. HP: 13/13 MP: 3/3
   308 | D:1      | Gained mutation: You regenerate magic rapidly. [demonic
                  | ancestry]
   308 | D:1      | Reached XP level 2. HP: 19/19 MP: 5/5
  1375 | D:2      | Gained mutation: You are partially covered in sharp spines.
                  | [demonic ancestry]
  1375 | D:2      | Reached XP level 3. HP: 24/24 MP: 4/6
  1489 | D:2      | Reached skill level 4 in Ice Magic
  1573 | D:2      | Learned a level 3 spell: Frozen Ramparts
  1588 | D:2      | HP: 1/24 [gnoll/+0 spear (8)]
  1589 | D:2      | Mangled by a gnoll

Illustrated notes

Levels and vault maps discovered:
D:1:      reono_arrival_forest_river, layout_basic, minmay_misc_feat_alley,
          minmay_shallow_snake_nest
D:2:      layout_loops_cross, minmay_pentomino_z2

Skill      XL: |  1  2  3 |
---------------+----------+-----
Stealth        | 2 3 |  3.0
Ice Magic      | 4 |  4.2
Dodging        | |  1.7
Spellcasting   | |  2.0

Action                     || total
---------------------------++-------
   Fire: Sling             ||    46
   Cast: Freeze            ||    24
         Frozen Ramparts   ||     1
 Armour: Robe              ||    16
  Dodge: Dodged            ||    11

Table legend: (Time is in decaauts)
 A = Elapsed time spent in this place.
 B = Non-inter-level travel time spent in this place.
 C = Inter-level travel time spent in this place.
 D = Time resting spent in this place.
 E = Time spent auto-exploring this place.
 F = Levels seen in this place.
 G = Mean time per level.
                   A        B        C        D        E       F      G
               +--------+--------+--------+--------+--------+-----+--------+
         Total |   1611 |   1557 |     54 |     47 |   1260 |   2 |  805.5 |
       Dungeon |   1611 |   1557 |     54 |     47 |   1260 |   2 |  805.5 |
               +--------+--------+--------+--------+--------+-----+--------+

Top non-repeatable levels by time:
     D:1: 992 daAuts
     D:2: 618 daAuts

Action                     || total
---------------------------++-------
   Fire: Sling             ||    46
   Cast: Freeze            ||    24
         Frozen Ramparts   ||     1
 Armour: Robe              ||    16
  Dodge: Dodged            ||    11

Table legend: (Time is in decaauts)
 A = Elapsed time spent in this place.
 B = Non-inter-level travel time spent in this place.
 C = Inter-level travel time spent in this place.
 D = Time resting spent in this place.
 E = Time spent auto-exploring this place.
 F = Levels seen in this place.
 G = Mean time per level.
                   A        B        C        D        E       F      G
               +--------+--------+--------+--------+--------+-----+--------+
         Total |   1611 |   1557 |     54 |     47 |   1260 |   2 |  805.5 |
       Dungeon |   1611 |   1557 |     54 |     47 |   1260 |   2 |  805.5 |
               +--------+--------+--------+--------+--------+-----+--------+

Top non-repeatable levels by time:
     D:1: 992 daAuts
     D:2: 618 daAuts
